| TOP OF THE 1ST |
|
Burlington Bees batting - Pitching for Quad Cities River Bandits : RHP Joe Rivin
|
|
Pitching: RHP Joe Rivin
|
|
|
Batting: RHB Jonathan Ellis
|
0-0: Called Strike 0-1: Ball 1-1: Ball 2-1: Foul Ball, location: 2F 2-2: Ground out 6-3 (Groundball, 6, EV 89.4 MPH)
|
|
Batting: RHB Ryan Munro
|
0-0: Foul Ball, location: 2F 0-1: Foul Ball, location: 2F 0-2: Fly out, F7 (Line Drive, 7, EV 93.1 MPH)
|
|
Batting: RHB Melvin Gomez
|
0-0: Foul Ball, location: 2F 0-1: Foul Ball, location: 2F 0-2: Ball 1-2: SINGLE (Groundball, 5S, EV 63.1 MPH) (infield hit)
|
|
Batting: LHB Rusty Ney
|
0-0: Called Strike Melvin Gomez steals 2nd base 0-1: Ball 1-1: Foul Ball, location: 2F 1-2: Ball 2-2: Foul Ball, location: 2F 2-2: Ball 3-2: Fly out, F9 (Flyball, 89D, EV 95.6 MPH)
|
| Top of the 1st over - 0 runs, 1 hit, 0 errors, 1 left on base; Burlington 0 - Quad Cities 0 |
| BOTTOM OF THE 1ST |
|
Quad Cities River Bandits batting - Pitching for Burlington Bees : RHP Dave Jackson
|
|
Pitching: RHP Dave Jackson
|
|
|
Batting: LHB Kelvin Jones
|
0-0: Called Strike 0-1: Foul Ball, location: 2F 0-2: Ground out 6-3 (Groundball, 6S, EV 84.4 MPH)
|
|
Batting: LHB Dylan LaRose
|
0-0: Called Strike 0-1: Swinging Strike 0-2: Ground out 6-3 (Groundball, 6, EV 105.0 MPH)
|
|
Batting: LHB Doug Anderson
|
0-0: Called Strike 0-1: Foul Ball, location: 2F 0-2: Ball 1-2: Strikes out swinging
|
| Bottom of the 1st over - 0 runs, 0 hits, 0 errors, 0 left on base; Burlington 0 - Quad Cities 0 |
| TOP OF THE 2ND |
|
Burlington Bees batting - Pitching for Quad Cities River Bandits : RHP Joe Rivin
|
|
Batting: LHB Jorge Zermeno
|
0-0: Ball 1-0: Swinging Strike 1-1: Ball 2-1: Swinging Strike 2-2: Strikes out swinging
|
|
Batting: RHB Ryuji Ito
|
0-0: Ground out 4-3 (Groundball, 4, EV 91.9 MPH)
|
|
Batting: RHB Greg Burdine
|
0-0: Ball 1-0: Ground out 4-3 (Groundball, 4, EV 88.1 MPH)
|
| Top of the 2nd over - 0 runs, 0 hits, 0 errors, 0 left on base; Burlington 0 - Quad Cities 0 |
| BOTTOM OF THE 2ND |
|
Quad Cities River Bandits batting - Pitching for Burlington Bees : RHP Dave Jackson
|
|
Batting: RHB Pete Isley
|
0-0: Called Strike 0-1: Ball 1-1: Foul Ball, location: 2F 1-2: Ball 2-2: Ball 3-2: SINGLE (Groundball, 56D, EV 100.6 MPH)
|
|
Batting: RHB Jamie Jennings
|
0-0: Ball 1-0: Grounds into double play, 6-4-3 (Groundball, 6, EV 86.3 MPH)
|
|
Batting: SHB Paskar Adegoke
|
0-0: Ball 1-0: SINGLE (Flyball, 8RS, EV 93.8 MPH)
|
|
Batting: RHB Joe Cook
|
0-0: Ball 1-0: Ball 2-0: Swinging Strike 2-1: Reached on error, E5 (Groundball, 56, EV 80.0 MPH) Paskar Adegoke to second
|
|
Batting: RHB Ben Glavich
|
0-0: Ball 1-0: Ball 2-0: Ground out 4-3 (Groundball, 4D, EV 101.9 MPH)
|
| Bottom of the 2nd over - 0 runs, 2 hits, 1 error, 2 left on base; Burlington 0 - Quad Cities 0 |
| TOP OF THE 3RD |
|
Burlington Bees batting - Pitching for Quad Cities River Bandits : RHP Joe Rivin
|
|
Batting: RHB Ben Herman
|
0-0: Called Strike 0-1: Foul Ball, location: 2F 0-2: Ball 1-2: Hit by Pitch
|
|
Batting: SHB Tim Connell
|
0-0: Ball 1-0: Foul Ball, location: 2F 1-1: Called Strike Ben Herman steals 2nd base 1-2: Ball 2-2: Ball 3-2: Base on Balls
|
|
Batting: RHB Jonathan Ellis
|
0-0: Ball 1-0: Foul Ball, location: 2F 1-1: Foul Ball, location: 2F 1-2: Ball 2-2: Ball 3-2: Fly out, F7 (Flyball, 7, EV 80.6 MPH)
|
|
Batting: RHB Ryan Munro
|
0-0: Called Strike 0-1: Called Strike 0-2: Ball 1-2: Foul Ball, location: 2F 1-2: Strikes out swinging
|
|
Batting: RHB Melvin Gomez
|
0-0: Ball 1-0: Fly out, F7 (Flyball, 7S, EV 73.1 MPH)
|
| Top of the 3rd over - 0 runs, 0 hits, 0 errors, 2 left on base; Burlington 0 - Quad Cities 0 |
| BOTTOM OF THE 3RD |
|
Quad Cities River Bandits batting - Pitching for Burlington Bees : RHP Dave Jackson
|
|
Batting: RHB Steve Moore
|
0-0: Ball 1-0: Called Strike 1-1: Ball 2-1: Foul Ball, location: 2F 2-2: Ball 3-2: Foul Ball, location: 2F 3-2: Foul Ball, location: 2F 3-2: Strikes out swinging
|
|
Batting: LHB Kelvin Jones
|
0-0: Ball 1-0: Called Strike 1-1: Foul Ball, location: 2F 1-2: Ball 2-2: Fly out, F7 (Flyball, 78S, EV 88.8 MPH)
|
|
Batting: LHB Dylan LaRose
|
0-0: Called Strike 0-1: Ball 1-1: Foul Ball, location: 2F 1-2: Ball 2-2: Foul Ball, location: 2F 2-2: Ball 3-2: Foul Ball, location: 2F 3-2: Strikes out swinging
|
| Bottom of the 3rd over - 0 runs, 0 hits, 0 errors, 0 left on base; Burlington 0 - Quad Cities 0 |
| TOP OF THE 4TH |
|
Burlington Bees batting - Pitching for Quad Cities River Bandits : RHP Joe Rivin
|
|
Batting: LHB Rusty Ney
|
0-0: SINGLE (Groundball, 56S, EV 68.8 MPH) (infield hit)
|
|
Batting: LHB Jorge Zermeno
|
0-0: SINGLE (Groundball, 3D, EV 94.4 MPH) Rusty Ney to second Runner from 2nd tries for 3rd, SAFE, throw by RF made to third
|
|
Batting: RHB Ryuji Ito
|
0-0: Ball 1-0: SINGLE (Groundball, 56, EV 106.9 MPH) Rusty Ney scores Jorge Zermeno to second
|
|
Batting: RHB Greg Burdine
|
0-0: Foul Ball, location: 2F 0-1: Foul Ball, location: 2F 0-2: Ball 1-2: Foul Ball, location: 2F 1-2: Foul Ball, location: 2F 1-2: Ball 2-2: Grounds into double play, 4-6-3 (Groundball, 4, EV 97.5 MPH) Jorge Zermeno to third
|
|
Batting: RHB Ben Herman
|
0-0: Ball 1-0: Ground out 5-3 (Groundball, 56, EV 103.8 MPH)
|
| Top of the 4th over - 1 run, 3 hits, 0 errors, 1 left on base; Burlington 1 - Quad Cities 0 |
| BOTTOM OF THE 4TH |
|
Quad Cities River Bandits batting - Pitching for Burlington Bees : RHP Dave Jackson
|
|
Batting: LHB Doug Anderson
|
0-0: Ball 1-0: Foul Ball, location: 2F 1-1: Called Strike 1-2: Foul Ball, location: 2F 1-2: Foul Ball, location: 2F 1-2: Strikes out swinging
|
|
Batting: RHB Pete Isley
|
0-0: Called Strike 0-1: Ground out U3 (Groundball, 3S, EV 84.4 MPH)
|
|
Batting: RHB Jamie Jennings
|
0-0: Ball 1-0: SINGLE (Groundball, 4D, EV 95.0 MPH)
|
|
Batting: SHB Paskar Adegoke
|
0-0: Swinging Strike 0-1: Ball 1-1: Called Strike 1-2: SINGLE (Line Drive, 7LS, EV 105.0 MPH) Jamie Jennings to second
|
|
Batting: RHB Joe Cook
|
0-0: Ball 1-0: Ball 2-0: Ball 3-0: Called Strike 3-1: Foul Ball, location: 2F 3-2: Foul Ball, location: 2F 3-2: Base on Balls Jamie Jennings to third Paskar Adegoke to second
|
|
Batting: RHB Ben Glavich
|
0-0: Called Strike 0-1: Swinging Strike 0-2: Strikes out looking
|
| Bottom of the 4th over - 0 runs, 2 hits, 0 errors, 3 left on base; Burlington 1 - Quad Cities 0 |
| TOP OF THE 5TH |
|
Burlington Bees batting - Pitching for Quad Cities River Bandits : RHP Joe Rivin
|
|
Batting: SHB Tim Connell
|
0-0: Foul Ball, location: 2F 0-1: Swinging Strike 0-2: Ball 1-2: Ground out U3 (Groundball, 34, EV 81.9 MPH)
|
|
Batting: RHB Jonathan Ellis
|
0-0: Foul Ball, location: 2F 0-1: Ball 1-1: SINGLE (Flyball, 7S, EV 87.5 MPH)
|
|
Batting: RHB Ryan Munro
|
0-0: Called Strike Jonathan Ellis steals 2nd base 0-1: Ball 1-1: Ball 2-1: Called Strike 2-2: Foul Ball, location: 2F 2-2: Ball 3-2: Base on Balls
|
|
Batting: RHB Melvin Gomez
|
0-0: Ball 1-0: Ball 2-0: DOUBLE (Line Drive, 9LS, EV 103.1 MPH) Jonathan Ellis scores Ryan Munro to third
|
|
Batting: LHB Rusty Ney
|
0-0: Ball 1-0: Foul Ball, location: 2F 1-1: Called Strike 1-2: Strikes out swinging
|
|
Batting: LHB Jorge Zermeno
|
0-0: Called Strike 0-1: Swinging Strike 0-2: Strikes out looking
|
| Top of the 5th over - 1 run, 2 hits, 0 errors, 2 left on base; Burlington 2 - Quad Cities 0 |
| BOTTOM OF THE 5TH |
|
Quad Cities River Bandits batting - Pitching for Burlington Bees : RHP Dave Jackson
|
|
Batting: RHB Steve Moore
|
0-0: Ball 1-0: Fly out, F6 (Popup, P, EV 81.9 MPH)
|
|
Batting: LHB Kelvin Jones
|
0-0: Ball 1-0: Fly out, F8 (Flyball, 8LXD, EV 96.9 MPH)
|
|
Batting: LHB Dylan LaRose
|
0-0: Fly out, F5 (Line Drive, 5, EV 75.0 MPH)
|
| Bottom of the 5th over - 0 runs, 0 hits, 0 errors, 0 left on base; Burlington 2 - Quad Cities 0 |
| TOP OF THE 6TH |
|
Burlington Bees batting - Pitching for Quad Cities River Bandits : RHP Joe Rivin
|
|
Batting: RHB Ryuji Ito
|
0-0: Foul Ball, location: 2F 0-1: Ball 1-1: Foul Ball, location: 2F 1-2: Strikes out looking
|
|
Pitching: RHP Justin Coney
|
|
|
Batting: RHB Greg Burdine
|
0-0: Called Strike 0-1: Called Strike 0-2: Ball 1-2: Strikes out swinging
|
|
Batting: RHB Ben Herman
|
0-0: Swinging Strike 0-1: Swinging Strike 0-2: DOUBLE (Flyball, 78D, EV 98.8 MPH)
|
|
Batting: SHB Tim Connell
|
0-0: Ball 1-0: Ground out 1-3 (Groundball, 13S, EV 66.9 MPH)
|
| Top of the 6th over - 0 runs, 1 hit, 0 errors, 1 left on base; Burlington 2 - Quad Cities 0 |
| BOTTOM OF THE 6TH |
|
Quad Cities River Bandits batting - Pitching for Burlington Bees : RHP Dave Jackson
|
|
Batting: LHB Doug Anderson
|
0-0: Ground out 6-3 (Groundball, 6, EV 89.4 MPH)
|
|
Batting: RHB Pete Isley
|
0-0: Called Strike 0-1: Swinging Strike 0-2: Ball 1-2: SOLO HOME RUN (Flyball, 7LD, EV 91.3 MPH), Distance : 348 ft
|
|
Pitching: LHP Jose Rivera
|
|
|
Batting: RHB Jamie Jennings
|
0-0: Called Strike 0-1: Called Strike 0-2: Fly out, F8 (Flyball, 8LXD, EV 94.4 MPH)
|
|
Batting: SHB Paskar Adegoke
|
0-0: Swinging Strike 0-1: Ball 1-1: Swinging Strike 1-2: Strikes out looking
|
| Bottom of the 6th over - 1 run, 1 hit, 0 errors, 0 left on base; Burlington 2 - Quad Cities 1 |
| TOP OF THE 7TH |
|
Burlington Bees batting - Pitching for Quad Cities River Bandits : RHP Justin Coney
|
|
Batting: RHB Jonathan Ellis
|
0-0: Called Strike 0-1: Ball 1-1: Foul Ball, location: 2F 1-2: Ground out 6-3 (Groundball, 6M, EV 97.5 MPH)
|
|
Batting: RHB Ryan Munro
|
0-0: Ball 1-0: Called Strike 1-1: Ground out 5-3 (Groundball, 56, EV 104.4 MPH)
|
|
Batting: RHB Melvin Gomez
|
0-0: Called Strike 0-1: Called Strike 0-2: Ground out 5-3 (Groundball, 56, EV 105.6 MPH)
|
| Top of the 7th over - 0 runs, 0 hits, 0 errors, 0 left on base; Burlington 2 - Quad Cities 1 |
| BOTTOM OF THE 7TH |
|
Quad Cities River Bandits batting - Pitching for Burlington Bees : LHP Jose Rivera
|
|
Batting: RHB Joe Cook
|
0-0: Called Strike 0-1: Ball 1-1: Ball 2-1: Ground out 6-3 (Groundball, 6, EV 84.4 MPH)
|
|
Batting: RHB Ben Glavich
|
0-0: Foul Ball, location: 2F 0-1: Ground out 5-3 (Groundball, 5, EV 86.3 MPH)
|
|
Batting: RHB Steve Moore
|
0-0: SINGLE (Flyball, 3D, EV 96.3 MPH)
|
|
Batting: LHB Kelvin Jones
|
0-0: Foul Ball, location: 2F 0-1: Swinging Strike 0-2: Ball 1-2: Ball 2-2: Ball 3-2: Strikes out swinging
|
| Bottom of the 7th over - 0 runs, 1 hit, 0 errors, 1 left on base; Burlington 2 - Quad Cities 1 |
| TOP OF THE 8TH |
|
Burlington Bees batting - Pitching for Quad Cities River Bandits : RHP Justin Coney
|
|
Batting: LHB Rusty Ney
|
0-0: Ball 1-0: Ball 2-0: Called Strike 2-1: Fly out, F6 (Popup, 6S, EV 73.8 MPH)
|
|
Batting: LHB Jorge Zermeno
|
0-0: Ball 1-0: Ball 2-0: Swinging Strike 2-1: Foul Ball, location: 2F 2-2: Foul Ball, location: 2F 2-2: Ball 3-2: Base on Balls
|
|
Batting: RHB Ryuji Ito
|
0-0: Called Strike 0-1: Foul Ball, location: 2F 0-2: Foul Ball, location: 2F 0-2: Ball 1-2: DOUBLE (Line Drive, 9LS, EV 106.9 MPH) Jorge Zermeno to third
|
|
Batting: RHB Greg Burdine
|
0-0: Ball 1-0: Ball 2-0: Called Strike 2-1: Foul Ball, location: 2F 2-2: Foul Ball, location: 2F 2-2: Foul Ball, location: 2F 2-2: Ball 3-2: DOUBLE (Flyball, 8RXD, EV 103.8 MPH) Jorge Zermeno scores Ryuji Ito scores
|
|
Pitching: RHP Ray Leuthauser
|
|
|
Batting: RHB Ben Herman
|
0-0: Ground out 4-3 (Groundball, 4, EV 102.5 MPH) Greg Burdine to third
|
|
Batting: SHB Tim Connell
|
0-0: Ground out U3 (Groundball, 3S, EV 68.1 MPH)
|
| Top of the 8th over - 2 runs, 2 hits, 0 errors, 1 left on base; Burlington 4 - Quad Cities 1 |
| BOTTOM OF THE 8TH |
|
Quad Cities River Bandits batting - Pitching for Burlington Bees : LHP Jose Rivera
|
|
Pitching: RHP Craig Murphy
|
|
|
Batting: LHB Dylan LaRose
|
0-0: Swinging Strike 0-1: Ball 1-1: Called Strike 1-2: Foul Ball, location: 2F 1-2: Foul Ball, location: 2F 1-2: Strikes out looking
|
|
Batting: LHB Doug Anderson
|
0-0: Ground out 4-3 (Groundball, 4, EV 103.8 MPH)
|
|
Batting: RHB Pete Isley
|
0-0: Called Strike 0-1: Foul Ball, location: 2F 0-2: Ground out 5-3 (Groundball, 56S, EV 92.5 MPH)
|
| Bottom of the 8th over - 0 runs, 0 hits, 0 errors, 0 left on base; Burlington 4 - Quad Cities 1 |
| TOP OF THE 9TH |
|
Burlington Bees batting - Pitching for Quad Cities River Bandits : RHP Ray Leuthauser
|
|
Batting: RHB Jonathan Ellis
|
0-0: Ball 1-0: Ball 2-0: Ball 3-0: Base on Balls
|
|
Batting: RHB Ryan Munro
|
0-0: Bunt missed! 0-1: Sac Bunt to 5S - play at first, batter OUT! 5-4 Jonathan Ellis to second
|
|
Batting: RHB Melvin Gomez
|
0-0: Called Strike 0-1: Called Strike 0-2: Ball 1-2: Reached on error, E6 (Groundball, 6, EV 85.6 MPH) Jonathan Ellis to third
|
|
Batting: LHB Rusty Ney
|
0-0: Ball Melvin Gomez steals 2nd base 1-0: Ball 2-0: Ball 3-0: Called Strike 3-1: Foul Ball, location: 2F 3-2: Foul Ball, location: 2F 3-2: SINGLE (Line Drive, 6D, EV 98.1 MPH) Jonathan Ellis scores Melvin Gomez to third Runner from 3rd tries for Home, throw by CF and OUT! 8-2
|
|
Pitching: RHP Tim Watson
|
|
|
Batting: LHB Jorge Zermeno
|
0-0: Ball Rusty Ney steals 2nd base (no throw) 1-0: Foul Ball, location: 2F 1-1: Ball 2-1: SINGLE (Groundball, 4D, EV 93.8 MPH) Rusty Ney to third Runner from 3rd tries for Home, SAFE, throw by RF to home
|
|
Batting: RHB Ryuji Ito
|
0-0: Ball 1-0: Ball 2-0: Ball 3-0: Base on Balls Jorge Zermeno to second
|
|
Batting: RHB Greg Burdine
|
0-0: Called Strike 0-1: Fly out, F7 (Flyball, 78S, EV 80.6 MPH)
|
| Top of the 9th over - 2 runs, 2 hits, 1 error, 2 left on base; Burlington 6 - Quad Cities 1 |
| BOTTOM OF THE 9TH |
|
Quad Cities River Bandits batting - Pitching for Burlington Bees : RHP Craig Murphy
|
|
Batting: RHB Jamie Jennings
|
0-0: Foul Ball, location: 2F 0-1: Ground out U3 (Groundball, 34S, EV 78.8 MPH)
|
|
Batting: SHB Paskar Adegoke
|
0-0: Swinging Strike 0-1: Ball 1-1: Swinging Strike 1-2: Foul Ball, location: 2F 1-2: Ball 2-2: Foul Ball, location: 2F 2-2: Strikes out looking
|
|
Batting: RHB Joe Cook
|
0-0: Foul Ball, location: 2F 0-1: Ball 1-1: Foul Ball, location: 2F 1-2: Strikes out swinging
|
| Bottom of the 9th over - 0 runs, 0 hits, 0 errors, 0 left on base; Burlington 6 - Quad Cities 1 |
|